 Dungeon Crawl Stone Soup version 0.26-a0-682-g294304f6e8 (webtiles) character file.

Game seed: 17250117154930070496

31471 dickylongcocking the Spry (level 13, 0/68 HPs)
             Began as a Spriggan Delver on Oct 21, 2020.
             Was a High Priest of Okawaru.
             Killed by divine providence
             ... invoked by an orc priest
              (16 damage)
             ... on level 1 of the Orcish Mines.
             The game lasted 00:26:15 (19656 turns).

dickylongcocking the Spry (Spriggan Delver)        Turns: 19656, Time: 00:26:16

Health: 0/68       AC: 10    Str: 12    XL:     13   Next: 26%
Magic:  18/18      EV: 37    Int: 16    God:    Okawaru [*****.]
Gold:   1784       SH:  5    Dex: 20    Spells: 11/12 levels left

rFire    . . .     SeeInvis +   h - +3 dagger (distort)
rCold    + . .     Faith    .   (shield restricted)
rNeg     . . .     Spirit   .   O - +1 troll leather armour
rPois    .         Reflect  +   y - +2 hat {Int+3}
rElec    .         Harm     .   G - +0 cloak
rCorr    .         Rampage  .   (gloves unavailable)
MR       ++...                  (boots unavailable)
Stlth    ++++++++..             M - amulet of reflection
HPRegen  0.61/turn              s - ring of stealth
MPRegen  0.16/turn              z - ring of the Octopus King {rC+ AC+1 EV+1 Str+1 Int+1 Dex+1}

@: heroism, studying Slings, very quick
A: very small, unfitting armour, see invisible, speed 3, low mp 1
a: Heroism, Finesse, Renounce Religion


You were on level 1 of the Orcish Mines.
You worshipped Okawaru.
Okawaru was extremely pleased with you.
You visited 2 branches of the dungeon, and saw 15 of its levels.
You also visited: Bailey.

You collected 2437 gold pieces.
You spent 653 gold pieces at shops.

Inventory:

Hand Weapons
 a - a +0 short sword
 e - a +4 dagger
 h - a +3 dagger of distortion (weapon)
 j - a +0 rapier of draining
 k - a +0 vampiric dagger
 w - a +0 vorpal shortbow
 P - the +1 short sword of Wondrous Power {holy, Str+3}
   (Okawaru gifted it to you on level 11 of the Dungeon)

   It has been blessed by the Shining One to cause great damage to the undead
   and demons.
   It affects your strength (+3).
Missiles
 i - 17 boomerangs (quivered)
 u - 262 arrows
 J - 60 poisoned darts
 K - 9 curare-tipped darts
Armour
 b - a +0 robe
 y - a +2 hat of intelligence (worn)
 G - a +0 cloak (worn)
 O - a +1 troll leather armour (worn)
Jewellery
 s - a ring of stealth (left hand)
 z - a ring of the Octopus King (right hand) {rC+ AC+1 EV+1 Str+1 Int+1 Dex+1}
   (You bought it in a shop on level 7 of the Dungeon)

   [ring of protection from cold]

   It affects your AC (+1).
   It affects your evasion (+1).
   It affects your strength (+1).
   It affects your intelligence (+1).
   It affects your dexterity (+1).
   It protects you from cold.
 B - an uncursed ring of protection from magic
 C - a +6 ring of strength
 M - an amulet of reflection (around neck)
Wands
 t - a wand of flame (21)
 F - a wand of digging (3)
 L - a wand of polymorph (8)
Scrolls
 c - 6 scrolls of remove curse
 m - 7 scrolls of teleportation
 n - 5 scrolls of enchant armour
 o - 3 scrolls of identify
 p - 3 scrolls of amnesia
 r - 3 scrolls of fog
 x - 2 scrolls of enchant weapon
 I - a scroll of holy word
 Q - a scroll of noise {unknown}
Potions
 d - 8 potions of curing
 l - a potion of magic
 q - 2 potions of cancellation
 A - a potion of resistance
 H - a potion of stabbing
Books
 N - a manual of Slings
Miscellaneous
 g - a phantom mirror (inert)


   Skills:
 - Level 8.0(13.0) Fighting
 - Level 10.2(15.2) Short Blades
 * Level 6.2(11.2) Slings
 * Level 16.7(21.7) Dodging
 - Level 12.2(17.2) Stealth
 * Level 8.6 Invocations
 * Level 11.4 Evocations


You had 11 spell levels left.
You knew the following spells:

 Your Spells              Type           Power        Failure   Level
a - Apportation           Tloc           #.....       32%         1

Your spell library contained the following spells:

 Spells                   Type           Power        Failure   Level
 Animate Skeleton         Necr           #.....       32%         1
 Beastly Appendage        Tmut           #.....       32%         1
 Corona                   Hex            #......      32%         1
 Pain                     Necr           #...         32%         1
 Sandblast                Erth           #.....       32%         1
 Shock                    Conj/Air       #...         32%         1
 Summon Small Mammal      Summ           #...         32%         1
 Passwall                 Tmut/Erth      #.......     43%         2
 Swiftness                Air            #.......     43%         2
 Wereblood                Tmut           #.......     43%         2
 Spider Form              Tmut/Pois      #.........   67%         3
 Static Discharge         Conj/Air       #.......     67%         3
 Stone Arrow              Conj/Erth      #.....       67%         3
 Airstrike                Air            #.........   97%         4
 Ice Form                 Ice/Tmut       #.......     97%         4
 Petrify                  Tmut/Erth      #.......     97%         4
 Blade Hands              Tmut           #.........   100%        5
 Excruciating Wounds      Necr           #.........   100%        5
 Lee's Rapid Deconstruct  Erth           #.........   100%        5
 Lightning Bolt           Conj/Air       #.........   100%        5
 Spellforged Servitor     Conj/Summ      #.........   100%        7


Dungeon Overview and Level Annotations

Branches:
Dungeon (13/15)            Temple (0/1) D:4            Lair (0/6) D:11
    Orc (2/2) D:9             Elf (0/3) Orc:2        Bailey (visited)
 Vaults: D:13-14

Altars:
Cheibriados
Elyvilon
Okawaru
Qazlal
Trog
Vehumet
Wu Jian
Xom
Zin

Shops:
D:7 [=   D:12 :

Annotations:
D:12 1 runed translucent door, Leimul's ghost, journeyman DsWr
Orc:1 Josephine


Innate Abilities, Weirdness & Mutations

You are very small and have problems with some larger weapons.
You are too small for most types of armour.
You have supernaturally acute eyesight. (SInv)
You cover ground extremely quickly.
Your magical capacity is low. (-10% MP)


Message History

The orc priest calls down the wrath of Beogh upon you.
Beogh smites you!
You hit the orc priest.
Space warps horribly around the orc priest.
You punch the orc priest, but do no damage.
The orc priest is heavily wounded.
You block the orc warrior's attack.
You barely miss the orc priest.
The orc priest is heavily wounded.
The orc priest invokes the aid of Beogh against you.
Beogh smites you!
* * * LOW HITPOINT WARNING * * *
The gnoll completely misses you.
Unknown command.
The gnoll completely misses you.
Evoke which item? (* to show all) (? for menu, Esc to quit)
Okay, then.
The orc priest invokes the aid of Beogh against you.
Beogh smites you!
You die...

##.......
###..gg....###
##.....g.......
##.....# ......#
##......# .....#
#......## ##....
#.......###....###
##...............#
##...........@.#
###..........##
###....gg..##
##......o...#
##.....g.o..##
##....§.g....#
#....§o)....####
###.$>..#......#.##
#.[.).)##.........#


You could see 2 orc warriors, an orc priest and 7 gnolls.

Vanquished Creatures
  Erolcha (Orc:1)
  A boulder beetle (D:11)
  2 two-headed ogres
  An orc high priest (Orc:2)
  3 skeletal warriors (D:9)
  The ghost of marklar909 the Stinger, a novice FoVM of Gozag (D:6)
  An unseen horror (D:10)
  A wizard (D:10)
  An orc knight (Bailey)
  2 ugly things
  A deep elf mage (D:12)
  3 manticores
  3 orc sorcerers (Orc:2)
  2 centaur skeletons (D:11)
  3 trolls
  A hornet (D:9)
  The ghost of somkeydreadnuts the Chopper, an amateur GrFi (D:4)
  3 wraiths
  A yak (D:12)
  2 wyverns
  Menkaure (D:4)
  A warg (Orc:2)
  Edmund (D:4)
  Duvessa (D:7)
  9 ice beasts
  17 orc warriors
  A phantom (D:12)
  4 sky beasts
  7 ogres
  6 centaurs
  A big kobold (D:12)
  5 bullfrogs
  2 gnoll sergeants (D:6)
  A water moccasin zombie (D:7)
  A water moccasin skeleton (D:7)
  Dowan (D:7)
  4 scorpions
  14 wights
  9 killer bees
  4 electric eels (D:12)
  A howler monkey (D:8)
  2 bullfrog zombies
  15 orc priests
  2 gnoll shamans
  19 orc wizards
  2 bullfrog skeletons
  A hound (D:4)
  5 jellies
  4 iguanas
  6 worker ants
  A hound zombie (D:11)
  2 hound skeletons
  Robin (D:3)
  A worker ant zombie (D:8)
  8 adders
  13 gnolls
  A howler monkey skeleton (D:10)
  2 shadow imps
  A white imp (D:9)
  4 adder skeletons
  3 worms
  A dart slug (D:3)
  6 leopard geckos
  66 orcs
  3 bats
  2 giant cockroaches
  14 goblins
  7 hobgoblins
  5 jackals
  17 kobolds
  2 quokkas
  3 frilled lizards (D:3)
  A jackal zombie (D:6)
  A leopard gecko zombie (D:5)
  6 rats
352 creatures vanquished.

Vanquished Creatures (collateral kills)
  A troll (D:11)
1 creature vanquished.

Vanquished Creatures (others)
  An ugly thing (D:11)
  An orc priest (Orc:2)
  A gnoll (D:7)
  4 orcs
  19 plants
26 creatures vanquished.

Grand Total: 379 creatures vanquished

Notes
Turn   | Place    | Note
-------+----------+-------------------------------------------
     0 | D:5      | dickylongcocking the Spriggan Delver began the quest for
                  | the Orb.
     0 | D:5      | Reached XP level 1. HP: 11/11 MP: 2/2
    23 | D:5      | Noticed an orc wizard
    29 | D:5      | Noticed an orc priest
    53 | D:5      | Found a bloodstained altar of Trog.
    77 | D:5      | Killed an orc wizard
    77 | D:5      | Reached skill level 4 in Dodging
    77 | D:5      | Reached XP level 2. HP: 16/16 MP: 3/3
    77 | D:5      | Reached XP level 3. HP: 19/19 MP: 4/4
   153 | D:5      | Noticed a sky beast
   202 | D:5      | Noticed a centaur
   206 | D:5      | Noticed an ice beast
   213 | D:4      | Noticed an ogre
   600 | D:3      | Found a radiant altar of Vehumet.
   622 | D:3      | Reached XP level 4. HP: 19/23 MP: 5/5
   688 | D:3      | Noticed Robin
   741 | D:4      | Noticed a phantom
   755 | D:3      | Reached skill level 5 in Dodging
  1319 | D:3      | Found a snail-covered altar of Cheibriados.
  1412 | D:3      | Killed Robin
  1412 | D:3      | Reached XP level 5. HP: 23/28 MP: 6/6
  1845 | D:2      | Found an iron altar of Okawaru.
  1853 | D:2      | Became a worshipper of Warmaster Okawaru
  3317 | D:4      | Banished a phantom
  3317 | D:4      | Reached XP level 6. HP: 16/32 MP: 7/7
  3774 | D:4      | Found a runed translucent door.
  3812 | D:4      | Noticed Menkaure
  3825 | D:4      | Killed Menkaure
  3825 | D:4      | Reached skill level 6 in Dodging
  3895 | D:4      | Reached skill level 5 in Short Blades
  3895 | D:4      | Reached XP level 7. HP: 29/37 MP: 8/8
  3985 | D:4      | Noticed Edmund
  3993 | D:4      | Killed Edmund
  3993 | D:4      | Reached * piety under Okawaru
  3993 | D:4      | Reached skill level 7 in Dodging
  4015 | D:4      | Found a staircase to the Ecumenical Temple.
  4480 | D:4      | Noticed somkeydreadnuts's ghost (amateur GrFi)
  4776 | D:4      | Killed somkeydreadnuts's ghost
  4776 | D:4      | Reached XP level 8. HP: 42/42 MP: 7/9
  4824 | D:4      | Reached skill level 8 in Dodging
  4957 | D:4      | Reached ** piety under Okawaru
  5390 | D:5      | Reached skill level 5 in Fighting
  5801 | D:5      | Found a snail-covered altar of Cheibriados.
  5850 | D:5      | Reached skill level 9 in Dodging
  5908 | D:6      | Found a transporter.
  5978 | D:6      | Reached skill level 10 in Stealth
  6256 | D:6      | Reached XP level 9. HP: 47/47 MP: 10/10
  7016 | D:6      | Reached skill level 10 in Dodging
  7158 | D:6      | Found a transporter.
  7163 | D:6      | Identified the cursed +1 trident of the Shrike {venom, rC+}
  7163 | D:6      | Identified the +3 kite shield of Negation {rC+ Regen+
                  | Int+5}
  7404 | D:7      | Gained mutation: Your spells are a little easier to cast,
                  | but a little less powerful. [potion of mutation]
  7404 | D:7      | Gained mutation: You have large cloven feet. [potion of
                  | mutation]
  7404 | D:7      | Gained mutation: Your muscles are strong. (Str +2) [potion
                  | of mutation]
  7414 | D:7      | Lost mutation: You have large cloven feet. [potion of
                  | mutation]
  7414 | D:7      | Lost mutation: Your muscles are strong. (Str +2) [potion of
                  | mutation]
  7414 | D:7      | Lost mutation: Your spells are a little easier to cast, but
                  | a little less powerful. [potion of mutation]
  7414 | D:7      | Gained mutation: Your magical capacity is low. (-10% MP)
                  | [potion of mutation]
  7414 | D:7      | Gained mutation: You are robust. (+10% HP) [potion of
                  | mutation]
  7644 | D:7      | Found an ornate altar of the Wu Jian Council.
  7644 | D:7      | Found a faded altar of an unknown god.
  7649 | D:7      | Found a bloodstained altar of Trog.
  7651 | D:7      | Found a stormy altar of Qazlal.
  7652 | D:7      | Found a faded altar of an unknown god.
  7675 | D:7      | Found a flagged portal.
  7703 | D:7      | Noticed Duvessa
  7707 | D:7      | Noticed Dowan
  7710 | D:7      | Killed Dowan
  8021 | D:7      | Found Pown's Antique Armour Boutique.
  8053 | Bailey   | Entered a bailey
  8078 | Bailey   | Noticed an orc knight
  8479 | Bailey   | Killed an orc knight
  8479 | Bailey   | Reached *** piety under Okawaru
  8881 | Bailey   | Reached skill level 11 in Dodging
  9815 | D:7      | Received a gift from Okawaru
  9815 | D:7      | Reached XP level 10. HP: 58/58 MP: 10/10
  9953 | D:7      | Killed Duvessa
 10080 | D:7      | Found Zufafuy's Jewellery Boutique.
 10083 | D:7      | Bought a ring of the Octopus King {rC+ AC+1 EV+1 Str+1
                  | Int+1 Dex+1} for 653 gold pieces
 10083 | D:7      | Found the ring of the Octopus King {rC+ AC+1 EV+1 Str+1
                  | Int+1 Dex+1}
 10638 | D:8      | Found a shimmering altar of Xom.
 10640 | D:8      | Found a shimmering altar of Xom.
 10641 | D:8      | Found a shimmering altar of Xom.
 10642 | D:8      | Found a shimmering altar of Xom.
 10642 | D:8      | Found a shimmering altar of Xom.
 10642 | D:8      | Found a shimmering altar of Xom.
 10644 | D:8      | Found a shimmering altar of Xom.
 10841 | D:8      | You fall into a shaft and drop 3 floors!
 10852 | D:10     | Entered Level 10 of the Dungeon
 10896 | D:10     | Reached skill level 12 in Dodging
 10973 | D:10     | Noticed a skeletal warrior
 10973 | D:10     | Noticed a skeletal warrior
 10973 | D:10     | Noticed a skeletal warrior
 10973 | D:10     | Noticed a skeletal warrior
 11034 | D:8      | Found a glowing silver altar of Zin.
 11036 | D:8      | Found a white marble altar of Elyvilon.
 11266 | D:9      | Found a stormy altar of Qazlal.
 11288 | D:9      | Reached **** piety under Okawaru
 11489 | D:9      | Killed a skeletal warrior
 11498 | D:9      | Noticed a two-headed ogre
 11855 | D:9      | Found a staircase to the Orcish Mines.
 11868 | D:9      | Reached skill level 10 in Short Blades
 11878 | D:9      | Reached skill level 1 in Evocations
 11886 | D:9      | Killed a two-headed ogre
 12038 | D:9      | Reached ***** piety under Okawaru
 12247 | Orc:1    | Entered Level 1 of the Orcish Mines
 12250 | Orc:1    | Reached XP level 11. HP: 66/66 MP: 10/10
 12730 | Orc:1    | Reached skill level 13 in Dodging
 12875 | Orc:2    | Entered Level 2 of the Orcish Mines
 12875 | Orc:2    | Noticed an orc sorcerer
 12883 | Orc:2    | Noticed a sun demon
 12886 | Orc:2    | Banished an orc sorcerer
 12971 | Orc:2    | Noticed an orc sorcerer
 12974 | Orc:2    | Killed an orc sorcerer
 12974 | Orc:2    | Reached skill level 1 in Invocations
 13815 | D:6      | Noticed marklar909's ghost (novice FoVM)
 13837 | D:6      | Killed marklar909's ghost
 14105 | D:9      | Killed a skeletal warrior
 14105 | D:9      | Reached skill level 5 in Evocations
 14111 | D:9      | Killed a skeletal warrior
 14111 | D:9      | Received a gift from Okawaru
 14575 | D:10     | Noticed a purple ugly thing
 14602 | D:10     | Killed a purple ugly thing
 14602 | D:10     | Reached skill level 14 in Dodging
 14823 | D:10     | Banished a skeletal warrior
 14876 | D:10     | Noticed an unseen horror
 14890 | D:10     | Killed an unseen horror
 15149 | D:10     | Noticed a wizard
 15170 | D:10     | Killed a wizard
 15190 | D:10     | Identified the Compendium of Unholy Attacks
 15546 | D:11     | Reached skill level 5 in Invocations
 15552 | D:11     | Noticed an unseen horror
 15562 | D:11     | Noticed a boulder beetle
 15576 | D:11     | Learned a level 1 spell: Apportation
 15762 | D:11     | Reached XP level 12. HP: 62/70 MP: 15/15
 15968 | D:11     | Found a staircase to the Lair.
 16053 | D:11     | Identified the +2 scale mail of Vippin {Harm +Fly Int+3}
 16146 | D:11     | Killed a boulder beetle
 16146 | D:11     | Received a gift from Okawaru
 16154 | D:11     | Got an ancient short sword {god gift}
 16206 | D:11     | Reached skill level 15 in Dodging
 16589 | D:11     | Noticed a boulder beetle
 16599 | D:11     | Banished a boulder beetle
 17141 | D:12     | Noticed a two-headed ogre
 17154 | D:12     | Killed a two-headed ogre
 17251 | D:12     | Reached skill level 10 in Evocations
 17311 | D:12     | Reached skill level 16 in Dodging
 17328 | D:12     | Identified the +1 short sword of Wondrous Power {holy,
                  | Str+3} (Okawaru gifted it to you on level 11 of the
                  | Dungeon)
 17470 | D:12     | Received a gift from Okawaru
 17614 | D:12     | Found Perphileik's Book Shop.
 17648 | D:12     | Reached ****** piety under Okawaru
 17663 | D:12     | Found a runed translucent door.
 17663 | D:12     | Noticed Leimul's ghost (journeyman DsWr)
 17971 | Orc:2    | Found a staircase to the Elven Halls.
 18005 | Orc:1    | Noticed Erolcha
 18023 | Orc:1    | Killed Erolcha
 18894 | Orc:1    | Noticed Josephine
 19100 | Orc:2    | Reached XP level 13. HP: 65/74 MP: 18/18
 19199 | Orc:2    | Lost mutation: You are robust. (+10% HP) [a neqoxec]
 19307 | Orc:2    | Reached skill level 5 in Slings
 19656 | Orc:1    | Killed from afar by an orc priest

Illustrated notes

Levels and vault maps discovered:
D:1:      minmay_arrival_four_circles, layout_basic
D:2:      layout_loops_corners, lemuel_coloured_pillars_altar, hex_tiny
D:3:      layout_basic, old_standard_altar, kennysheep_slug_shrine, uniq_robin
D:4:      minmay_chambers_of_fours, layout_rooms, minmay_temple_entry_hall,
          ebering_ghost_reflecting_pool, uniq_menkaure, uniq_edmund
D:5:      layout_rooms, nicolae_overflow_hidden_temple, grunt_decor_one_mirror,
          trog_butcher_becter
D:6:      minmay_inner_zag, layout_basic, gammafunk_ghost_gnarly_gnolls
D:7:      layout_cave_pools, chequers_temple_overflow_minitemple, serial_shops,
          kennysheep_mini_moat, shop, enter_bailey_2, uniq_duvessa
D:8:      layout_loops_ring, nicolae_xom_altar_mimics,
          chequers_temple_overflow_statue_of_worship
D:9:      layout_cave_pools, orc_0_dummy, grunt_qazlal_sundering
D:10:     cheibrodos_wizards_tower, layout_loops_corners, feat_on_display
D:11:     cheibrodos_ideogram_h, layout_long_grid, dpeg_oklobed_lair,
          portal_ice_cave_entry_ice_beasts, minivault_1
D:12:     layout_loops_ring, serial_bayou, serial_bayou_lagoon_b,
          serial_bayou_shore_a, serial_bayou_pond_d, serial_bayou_pond_a,
          serial_shops, nicolae_shop_temple_entry_statues_fountains,
          ebering_ghost_inner_flame
D:13:     layout_roguey, hangedman_abyss_or_decor_slice, uniq_jorgrun
Orc:1:    layout_diamond_mine, guppyfry_library_mini, uniq_josephine,
          uniq_erolcha
Orc:2:    st_orc_congregation, layout_diamond_mine

Skill      XL: |  1  2  3  4  5  6  7  8  9 10 11 12 13 |
---------------+----------------------------------------+-----
Short Blades   | 3 4 5 6 7 8 10 | 10.2
Dodging        | 4 5 6 7 9 11 12 14 16 | 16.7
Stealth        | 8 9 10 11 12 | 12.2
Fighting       | 3 4 5 6 7 8 |  8.0
Evocations     | 2 7 10 11 | 11.4
Invocations    | 5 8 |  8.6
Slings         | 3 6 |  6.2

Action                   |  1- 3 |  4- 6 |  7- 9 | 10-12 | 13-15 || total
-------------------------+-------+-------+-------+-------+-------++-------
Melee: Short sword       |    12 |       |       |       |       ||    12
       Dagger            |    11 |   112 |   297 |   860 |   161 ||  1441
       Punch             |       |       |     1 |     2 |     1 ||     4
Invok: Heroism           |       |       |     6 |     6 |     1 ||    13
       Finesse           |       |       |       |     2 |       ||     2
Evoke: Wand              |     1 |     1 |     1 |    15 |       ||    18
       Phantom mirror    |       |       |       |     2 |       ||     2
  Use: Scroll            |     4 |       |    10 |    17 |       ||    31
       Potion            |     3 |     1 |    17 |     6 |       ||    27
 Stab: Sleeping          |     4 |    12 |    17 |    40 |       ||    73
       Distracted        |       |     3 |       |     8 |     1 ||    12
       Fleeing           |       |       |       |     1 |       ||     1
Armor: Robe              |       |     7 |     3 |     4 |       ||    14
       Skin              |       |       |       |    44 |       ||    44
       Troll leather arm |       |       |       |    15 |     6 ||    21
Dodge: Dodged            |    22 |    67 |   253 |   550 |   130 ||  1022
Block: Other             |       |       |       |       |    31 ||    31
       Reflection        |       |       |       |       |     4 ||     4

Table legend: (Time is in decaauts)
 A = Elapsed time spent in this place.
 B = Non-inter-level travel time spent in this place.
 C = Inter-level travel time spent in this place.
 D = Time resting spent in this place.
 E = Time spent auto-exploring this place.
 F = Levels seen in this place.
 G = Mean time per level.
                   A        B        C        D        E       F      G
               +--------+--------+--------+--------+--------+-----+--------+
         Total |  14945 |  14273 |    672 |   4839 |   6488 |  16 |  934.1 |
       Dungeon |  11348 |  10776 |    572 |   3104 |   5630 |  13 |  872.9 |
  Orcish Mines |   2090 |   1991 |     99 |    609 |    712 |   2 | 1045.0 |
        Bailey |   1507 |   1507 |      0 |   1126 |    145 |   1 | 1507.0 |
               +--------+--------+--------+--------+--------+-----+--------+

Top non-repeatable levels by time:
     D:6: 1828 daAuts
  Bailey: 1507 daAuts
     D:3: 1291 daAuts
     D:9: 1242 daAuts
     D:4: 1218 daAuts
   Orc:1: 1104 daAuts
    D:11: 1026 daAuts
   Orc:2: 985 daAuts
     D:7: 889 daAuts
     D:2: 872 daAuts
    D:10: 795 daAuts
     D:5: 664 daAuts
    D:12: 625 daAuts
     D:8: 465 daAuts
     D:1: 416 daAuts
